PAAA
BLOOMINGTON LONGNECKS @ PLYMOUTH ROCKS
07/18/2037
 
TOP OF THE 1ST
Bloomington Longnecks batting - Pitching for Plymouth Rocks : RHP Alberto Álvarez
Pitching: RHP Alberto Álvarez
Batting: RHB Tony Martínez 0-0: Ball
1-0: Ground out 5-3 (Groundball, 56S, EV 83.8 MPH)
Batting: RHB Sébastien Bernard 0-0: Ball
1-0: Ball
2-0: Ball
3-0: Called Strike
3-1: Foul Ball, location: 2F
3-2: Ground out 5-3 (Groundball, 56S, EV 67.5 MPH)
Batting: RHB Lionel McCloud 0-0: Ball
1-0: Ball
2-0: Swinging Strike
2-1: Ball
3-1: Foul Ball, location: 2F
3-2: Foul Ball, location: 2F
3-2: Fly out, F8 (Line Drive, 8LM, EV 86.9 MPH)
Top of the 1st over - 0 runs, 0 hits, 0 errors, 0 left on base; Bloomington 0 - Plymouth 0
BOTTOM OF THE 1ST
Plymouth Rocks batting - Pitching for Bloomington Longnecks : RHP Charlie Fairthorne
Pitching: RHP Charlie Fairthorne
Batting: RHB Tumas Wenzu 0-0: Called Strike
0-1: Ball
1-1: Called Strike
1-2: Ball
2-2: Foul Ball, location: 2F
2-2: Foul Ball, location: 2F
2-2: Ground out 6-3 (Groundball, 6, EV 88.1 MPH)
Batting: RHB Sidney Mackell 0-0: Called Strike
0-1: Swinging Strike
0-2: Foul Ball, location: 2F
0-2: Ball
1-2: Ball
2-2: Foul Ball, location: 2F
2-2: Foul Ball, location: 2F
2-2: Hit by Pitch
Batting: RHB Syed Sarkar 0-0: Ball
1-0: Swinging Strike
1-1: Foul Ball, location: 2F
1-2: Ball
2-2: Strikes out swinging
Batting: LHB Jesús Guillén 0-0: Called Strike
Sidney Mackell steals 2nd base
0-1: Called Strike
0-2: Ball
1-2: Ball
2-2: Ball
3-2: Foul Ball, location: 2F
3-2: Ground out 6-3 (Groundball, 6M, EV 107.5 MPH)
Bottom of the 1st over - 0 runs, 0 hits, 0 errors, 1 left on base; Bloomington 0 - Plymouth 0
TOP OF THE 2ND
Bloomington Longnecks batting - Pitching for Plymouth Rocks : RHP Alberto Álvarez
Batting: LHB Richello Mabait 0-0: Ball
1-0: Ball
2-0: Ball
3-0: Called Strike
3-1: Swinging Strike
3-2: Fly out, F7 (Flyball, 7S, EV 81.2 MPH)
Batting: RHB Fook Zhŕo 0-0: Called Strike
0-1: Swinging Strike
0-2: Ball
1-2: Ball
2-2: Fly out, F9 (Flyball, 9LM, EV 94.4 MPH)
Batting: RHB Daniel Carr 0-0: Ground out 1-3 (Groundball, 25, EV 88.1 MPH)
Top of the 2nd over - 0 runs, 0 hits, 0 errors, 0 left on base; Bloomington 0 - Plymouth 0
BOTTOM OF THE 2ND
Plymouth Rocks batting - Pitching for Bloomington Longnecks : RHP Charlie Fairthorne
Batting: RHB Joe Mueller 0-0: Fly out, F9 (Line Drive, 9, EV 95.0 MPH)
Batting: RHB Jaime Soto 0-0: Called Strike
0-1: DOUBLE (Flyball, 78D, EV 99.4 MPH)
Batting: LHB Dae-ik Park 0-0: Called Strike
0-1: Ball
1-1: Ball
2-1: Ball
3-1: Base on Balls
Batting: RHB Lex van Esch 0-0: Ball
1-0: Ball
2-0: Called Strike
2-1: Swinging Strike
2-2: Foul Ball, location: 2F
2-2: Ball
3-2: Strikes out swinging
Batting: RHB António Avery 0-0: Ball
1-0: Foul Ball, location: 2F
1-1: Fly out, F4 (Popup, 4S, EV 85.6 MPH)
Bottom of the 2nd over - 0 runs, 1 hit, 0 errors, 2 left on base; Bloomington 0 - Plymouth 0
TOP OF THE 3RD
Bloomington Longnecks batting - Pitching for Plymouth Rocks : RHP Alberto Álvarez
Batting: RHB Lev Migranov 0-0: Fly out, F9 (Flyball, 9D, EV 101.2 MPH)
Batting: RHB Nestor Tantoco 0-0: Foul Ball, location: 2F
0-1: Fly out, F9 (Flyball, 89M, EV 86.9 MPH)
Batting: RHB Manny Diéguez 0-0: Ball
1-0: Fly out, F7 (Flyball, 7D, EV 95.0 MPH)
Top of the 3rd over - 0 runs, 0 hits, 0 errors, 0 left on base; Bloomington 0 - Plymouth 0
BOTTOM OF THE 3RD
Plymouth Rocks batting - Pitching for Bloomington Longnecks : RHP Charlie Fairthorne
Batting: RHB Tumas Wenzu 0-0: Ball
1-0: Ball
2-0: Swinging Strike
2-1: Called Strike
2-2: Ball
3-2: DOUBLE (Flyball, 9LM, EV 91.9 MPH)
Batting: RHB Sidney Mackell 0-0: Ball
1-0: Ball
2-0: Called Strike
2-1: Ball
3-1: Swinging Strike
3-2: Base on Balls
Batting: RHB Syed Sarkar 0-0: Ball
1-0: Called Strike
1-1: Grounds into double play, 6-4-3 (Groundball, 6, EV 103.1 MPH)
Tumas Wenzu to third
Batting: LHB Jesús Guillén 0-0: Foul Ball, location: 2F
0-1: Ball
1-1: Ball
2-1: Ball
3-1: Foul Ball, location: 2F
3-2: Foul Ball, location: 2F
3-2: Strikes out swinging
Bottom of the 3rd over - 0 runs, 1 hit, 0 errors, 1 left on base; Bloomington 0 - Plymouth 0
TOP OF THE 4TH
Bloomington Longnecks batting - Pitching for Plymouth Rocks : RHP Alberto Álvarez
Batting: RHB Tony Martínez 0-0: Fly out, F7 (Flyball, 78M, EV 95.0 MPH)
Batting: RHB Sébastien Bernard 0-0: Ball
1-0: Called Strike
1-1: Called Strike
1-2: Ball
2-2: Strikes out swinging
Batting: RHB Lionel McCloud 0-0: Called Strike
0-1: Ground out 6-3 (Groundball, 6, EV 83.1 MPH)
Top of the 4th over - 0 runs, 0 hits, 0 errors, 0 left on base; Bloomington 0 - Plymouth 0
BOTTOM OF THE 4TH
Plymouth Rocks batting - Pitching for Bloomington Longnecks : RHP Charlie Fairthorne
Batting: RHB Joe Mueller 0-0: Ball
1-0: Swinging Strike
1-1: Fly out, F8 (Line Drive, 8RD, EV 98.8 MPH)
Batting: RHB Jaime Soto 0-0: Ball
1-0: Swinging Strike
1-1: Swinging Strike
1-2: Strikes out swinging
Batting: LHB Dae-ik Park 0-0: Called Strike
0-1: Foul Ball, location: 9LSF, Error on foul ball, E9
0-2: Strikes out swinging
Bottom of the 4th over - 0 runs, 0 hits, 1 error, 0 left on base; Bloomington 0 - Plymouth 0
TOP OF THE 5TH
Bloomington Longnecks batting - Pitching for Plymouth Rocks : RHP Alberto Álvarez
Batting: LHB Richello Mabait 0-0: Swinging Strike
0-1: Swinging Strike
0-2: Ball
1-2: DOUBLE (Line Drive, 78M, EV 113.1 MPH)
Batting: RHB Fook Zhŕo 0-0: Ball
1-0: Foul Ball, location: 2F
1-1: Ball
2-1: Called Strike
2-2: Strikes out looking
Batting: RHB Daniel Carr 0-0: Ball
1-0: Swinging Strike
1-1: Swinging Strike
1-2: Ball
2-2: Ground out 2-3 (Groundball, 13S, EV 65.6 MPH)
Richello Mabait to third
Batting: RHB Lev Migranov 0-0: Foul Ball, location: 2F
0-1: Ball
1-1: Called Strike
1-2: Ball
2-2: Fly out, F6 (Popup, 6M, EV 60.0 MPH)
Top of the 5th over - 0 runs, 1 hit, 0 errors, 1 left on base; Bloomington 0 - Plymouth 0
BOTTOM OF THE 5TH
Plymouth Rocks batting - Pitching for Bloomington Longnecks : RHP Charlie Fairthorne
Batting: RHB Lex van Esch 0-0: Ball
1-0: Swinging Strike
1-1: Ground out 6-3 (Groundball, 6, EV 81.9 MPH)
Batting: RHB António Avery 0-0: Foul Ball, location: 2F
0-1: Ball
1-1: Ball
2-1: Called Strike
2-2: Strikes out swinging
Batting: RHB Tumas Wenzu 0-0: Called Strike
0-1: SINGLE (Groundball, 3D, EV 106.2 MPH)
Batting: RHB Sidney Mackell 0-0: Called Strike
0-1: Called Strike
0-2: Ball
1-2: Ball
2-2: Fly out, F4 (Popup, 34D, EV 57.5 MPH)
Bottom of the 5th over - 0 runs, 1 hit, 0 errors, 1 left on base; Bloomington 0 - Plymouth 0
TOP OF THE 6TH
Bloomington Longnecks batting - Pitching for Plymouth Rocks : RHP Alberto Álvarez
Batting: RHB Nestor Tantoco 0-0: Ball
1-0: Called Strike
1-1: Called Strike
1-2: Ball
2-2: Foul Ball, location: 2F
2-2: Ground out 3-1 (Groundball, 34S, EV 88.8 MPH)
Batting: RHB Manny Diéguez 0-0: Ball
1-0: Foul Ball, location: 2F
1-1: Swinging Strike
1-2: Ball
2-2: Foul Ball, location: 2F
2-2: Foul Ball, location: 2F
2-2: Foul Ball, location: 2F
2-2: Strikes out looking
Batting: RHB Tony Martínez 0-0: Ground out 1-3 (Groundball, P, EV 70.6 MPH)
Top of the 6th over - 0 runs, 0 hits, 0 errors, 0 left on base; Bloomington 0 - Plymouth 0
BOTTOM OF THE 6TH
Plymouth Rocks batting - Pitching for Bloomington Longnecks : RHP Charlie Fairthorne
Pitching: RHP Dermot Eridge
Batting: RHB Syed Sarkar 0-0: Called Strike
0-1: Ball
1-1: Swinging Strike
1-2: SINGLE (Line Drive, 9S, EV 102.5 MPH)
Batting: LHB Jesús Guillén 0-0: Foul Ball, location: 2F
0-1: Called Strike
0-2: 2-RUN HOME RUN (Line Drive, 9D, EV 108.1 MPH), Distance : 391 ft
Batting: RHB Joe Mueller 0-0: Ball
1-0: Fly out, F9 (Flyball, 9LM, EV 88.1 MPH)
Batting: RHB Jaime Soto 0-0: Called Strike
0-1: Ball
1-1: Ball
2-1: Ground out 4-3 (Groundball, 4MD, EV 107.5 MPH)
Batting: LHB Dae-ik Park 0-0: Ball
1-0: Ground out 4-3 (Groundball, 34, EV 109.4 MPH)
Bottom of the 6th over - 2 runs, 2 hits, 0 errors, 0 left on base; Bloomington 0 - Plymouth 2
TOP OF THE 7TH
Bloomington Longnecks batting - Pitching for Plymouth Rocks : RHP Alberto Álvarez
Batting: RHB Sébastien Bernard 0-0: Called Strike
0-1: Called Strike
0-2: Strikes out looking
Batting: RHB Lionel McCloud 0-0: Ball
1-0: Foul Ball, location: 2F
1-1: Ball
2-1: Foul Ball, location: 2F
2-2: Foul Ball, location: 2F
2-2: Ground out 1-3 (Groundball, 13, EV 86.2 MPH)
Batting: LHB Richello Mabait 0-0: Ball
1-0: Ball
2-0: Ball
3-0: Called Strike
3-1: Called Strike
3-2: Strikes out swinging
Top of the 7th over - 0 runs, 0 hits, 0 errors, 0 left on base; Bloomington 0 - Plymouth 2
BOTTOM OF THE 7TH
Plymouth Rocks batting - Pitching for Bloomington Longnecks : RHP Dermot Eridge
Batting: RHB Lex van Esch 0-0: Ball
1-0: SINGLE (Line Drive, 4D, EV 108.1 MPH)
Batting: RHB António Avery 0-0: Ball
1-0: Swinging Strike
1-1: Fielders Choice at 2nd, 3-6 (Groundball, 34, EV 93.8 MPH)
Batting: RHB Tumas Wenzu 0-0: Foul Ball, location: 2F
0-1: Ball
1-1: Grounds into double play, 5-4-3 (Groundball, 56, EV 85.6 MPH)
Bottom of the 7th over - 0 runs, 1 hit, 0 errors, 0 left on base; Bloomington 0 - Plymouth 2
TOP OF THE 8TH
Bloomington Longnecks batting - Pitching for Plymouth Rocks : RHP Alberto Álvarez
Batting: RHB Fook Zhŕo 0-0: Fly out, F9 (Flyball, 9, EV 88.8 MPH)
Batting: RHB Daniel Carr 0-0: Foul Ball, location: 2F
0-1: Ground out U3 (Groundball, 34, EV 91.2 MPH)
Batting: RHB Lev Migranov 0-0: Ball
1-0: Ball
2-0: Fly out, F8 (Flyball, 78D, EV 103.1 MPH)
Top of the 8th over - 0 runs, 0 hits, 0 errors, 0 left on base; Bloomington 0 - Plymouth 2
BOTTOM OF THE 8TH
Plymouth Rocks batting - Pitching for Bloomington Longnecks : RHP Dermot Eridge
Batting: RHB Sidney Mackell 0-0: Ball
1-0: Ball
2-0: Foul Ball, location: 2F
2-1: Swinging Strike
2-2: Foul Ball, location: 2F
2-2: Strikes out swinging
Batting: RHB Syed Sarkar 0-0: Ball
1-0: Ball
2-0: Ball
3-0: Base on Balls
Batting: LHB Jesús Guillén 0-0: Called Strike
0-1: Foul Ball, location: 2F
0-2: Fielders Choice at 2nd, 5-4 (Groundball, 56, EV 101.9 MPH)
Batting: RHB Joe Mueller 0-0: Ball
Jesús Guillén steals 2nd base (no throw)
1-0: Ball
2-0: Ball
3-0: Called Strike
3-1: Foul Ball, location: 2F
3-2: Fly out, F8 (Line Drive, 8RM, EV 95.0 MPH)
Bottom of the 8th over - 0 runs, 0 hits, 0 errors, 1 left on base; Bloomington 0 - Plymouth 2
TOP OF THE 9TH
Bloomington Longnecks batting - Pitching for Plymouth Rocks : RHP Alberto Álvarez
Pitching: LHP Cullen Taylor
Batting: RHB Nestor Tantoco 0-0: Called Strike
0-1: Fly out, F9 (Line Drive, 9, EV 97.5 MPH)
Batting: RHB Manny Diéguez 0-0: SINGLE (Groundball, 4M, EV 105.0 MPH) (infield hit)
Batting: RHB Tony Martínez 0-0: Ball
1-0: Foul Ball, location: 2F
1-1: Ball
2-1: Swinging Strike
2-2: Foul Ball, location: 2F
2-2: Fly out, F3 (Popup, 34S, EV 78.1 MPH)
Batting: RHB Sébastien Bernard 0-0: Called Strike
0-1: Foul Ball, location: 2F
0-2: Ball
1-2: SINGLE (Line Drive, 89M, EV 91.2 MPH)
Manny Diéguez to second
Batting: RHB Lionel McCloud 0-0: Ground out 5-3 (Groundball, 56S, EV 83.1 MPH)
Top of the 9th over - 0 runs, 2 hits, 0 errors, 2 left on base; Bloomington 0 - Plymouth 2
Thursday, January 23rd, 2020 - OOTP Baseball 20.8 Build 74